 Dungeon Crawl Stone Soup version 0.31-a0-234-gad7ace16ef (webtiles) character file.

Game seed: 15275322868821736932

78 qw the Shooter (level 4, -4/36 HPs)
             Began as a Minotaur Hexslinger on July 9, 2023.
             Killed by divine providence
             ... invoked by an orc priest
              (9 damage)
             ... on level 2 of the Dungeon.
             The game lasted 00:00:37 (1392 turns).

qw the Shooter (Minotaur Hexslinger)                Turns: 1392, Time: 00:00:38

Health: -4/36      AC:  5    Str: 13    XL:     4   Next: 15%
Magic:  4/4        EV: 11    Int: 10    God:
Gold:   121        SH:  5    Dex: 12    Spells: 4/5 levels left

rFire   . . .        Y - +1 sling
rCold   . . .        (no shield)
rNeg    . . .        d - +0 ring mail
rPois   .            (helmet restricted)
rElec   .            (no cloak)
rCorr   .            (no gloves)
SInv    .            (no boots)
Will    .....        a - amulet of reflection
Stlth   +            (no ring)
HPRegen 0.26/turn    (no ring)
MPRegen 0.09/turn

%: reflection
@: no status effects
A: horns 2, retaliatory headbutt, clumsy 1, deterioration 1
a: no special abilities


You were on level 2 of the Dungeon.
You visited 1 branch of the dungeon, and saw 3 of its levels.

You collected 121 gold pieces.


Innate Abilities, Weirdness & Mutations

You have a pair of horns on your head.
You reflexively headbutt those who attack you in melee.
You are clumsy. (Dex -2)
Your body sometimes deteriorates upon taking damage.


   Skills:
 - Level 2.0 Fighting
 + Level 4.4 Ranged Weapons
 - Level 1.3 Armour
 - Level 2.1 Dodging
 - Level 1.0 Spellcasting
 - Level 2.0 Hexes


You had 4 spell levels left.
You knew the following spells:

 Your Spells              Type           Power      Damage    Failure   Level
a - Slow                  Hex            16%        N/A       32%         1

Your spell library contained the following spells:

 Spells                   Type           Power      Damage    Failure   Level
 Inner Flame              Hex/Fire       2%         N/A       82%         3
 Portal Projectile        Hex/Tloc       4%         N/A       82%         3
 Cause Fear               Hex            2%         N/A       97%         4

Inventory:

Hand Weapons
 Y - a +1 sling (weapon)
Armour
 d - a +0 ring mail (worn)
Jewellery
 a - an amulet of reflection (around neck)
Potions
 e - a potion of might {unknown}
 f - a potion of heal wounds {unknown}
 g - a potion of attraction {unknown}
 h - a potion of mutation

Dungeon Overview and Level Annotations

Branches:
Dungeon (3/15)

Altars:

Shops:
D:1 *


Message History

You shoot a sling bullet.
The sling bullet barely misses the orc priest.
The orc priest misses you. You furiously retaliate!
You headbutt the orc priest! You shoot a sling bullet.
The sling bullet hits the orc priest.
The orc priest is heavily wounded.
The orc priest misses you. You furiously retaliate!
You headbutt the orc priest!
The orc priest calls down the wrath of Beogh upon you.
Pain shoots through your body!
1384 ||| STAIRDANCE The orc priest hits you with a +3 hand axe.
You climb upwards.
There is a stone staircase leading down here.
You shoot a sling bullet.
The sling bullet closely misses the orc priest.
The orc priest invokes the aid of Beogh against you.
Beogh smites you!
You shoot a sling bullet.
The sling bullet hits the orc priest but does no damage.
The orc priest is almost dead.
The orc priest hits you with a +3 hand axe.
You shoot a sling bullet. The sling bullet hits the orc priest.
The orc priest is almost dead.
The orc priest barely misses you.
The orc priest mumbles some strange prayers to Beogh against you.
Pain shoots through your body!
You shoot a sling bullet.
The sling bullet closely misses the orc priest.
The orc priest hits you with a +3 hand axe.
You shoot a sling bullet.
The sling bullet hits the orc priest but does no damage.
The orc priest is almost dead.
You block the orc priest's attack.
You shoot a sling bullet.
The sling bullet closely misses the orc priest.
The orc priest casts a cantrip, but nothing happens.
You shoot a sling bullet.
The sling bullet closely misses the orc priest.
The orc priest invokes the aid of Beogh against you.
Beogh smites you!
You die...

#####..............%...........#
#####......#....####.......#####
#####......#....###.......##
#####......#....##........#
#####......#....##.....####
########+###....##.....# ######
###........#######.....# #.....
###........######......####.^...
###...........o@[...............
###........########....#........
############### #....#........
############### #....#........
############### #....#........
############### ##############
############### #. #. #########.


You could see an orc priest.

Vanquished Creatures
  2 adders (D:2)
  A worm (D:1)
  2 orcs (D:2)
  12 bats
  3 endoplasms
  2 giant cockroaches (D:1)
  7 goblins (D:1)
  3 hobgoblins
  2 jackals (D:1)
  3 ball pythons
  3 frilled lizards
  7 kobolds
  2 rats (D:1)
49 creatures vanquished.

Notes
Turn   | Place    | Note
-------+----------+-------------------------------------------
     0 | D:1      | qw the Minotaur Hexslinger began the quest for the Orb.
     0 | D:1      | Reached XP level 1. HP: 16/16 MP: 1/1
     0 | D:1      | 0 ||| qw: Version: 0.3-a-51-g015441d
     0 | D:1      | 0 ||| qw: Game counter: 4309
     0 | D:1      | 0 ||| qw: Melee chars always use a shield: true
     0 | D:1      | 0 ||| qw: God list: Okawaru
     0 | D:1      | 0 ||| qw: Allow faded altars: false
     0 | D:1      | 0 ||| qw: Do Orc after clearing Dungeon:15 true
     0 | D:1      | 0 ||| qw: Do second Lair branch before Depths: true
     0 | D:1      | 0 ||| qw: Lair rune preference: random
     0 | D:1      | 0 ||| qw: Goals: Normal
     0 | D:1      | 0 ||| PLANNING D:1-11
   139 | D:1      | Reached skill level 3 in Ranged Weapons
   144 | D:1      | Reached XP level 2. HP: 13/23 MP: 2/2
   400 | D:1      | Reached XP level 3. HP: 25/29 MP: 3/3
   402 | D:1      | 402 ||| FLEEEEING.
   403 | D:1      | 403 ||| FLEEEEING.
   430 | D:1      | Found Ciodi's General Store.
   441 | D:1      | 441 ||| SHOPLISTING +1 pair of boots "Jiwkiphurui" {Regen+
                  | Dex+4} (249 gold, have 66).
   441 | D:1      | 441 ||| SHOPLISTING potion of haste (100 gold, have 66).
   644 | D:1      | Found a faded altar of an unknown god.
   665 | D:1      | 665 ||| UPGRADING to +0 ring mail.
   675 | D:1      | 675 ||| DROPPING +0 robe.
   676 | D:1      | 676 ||| READING scroll labelled TISAYL UKYSEDU.
   677 | D:1      | 677 ||| DRINKING 2 bubbling silvery potions.
   677 | D:1      | Gained mutation: You are clumsy. (Dex -2) [potion of
                  | mutation]
   677 | D:1      | Gained mutation: Your body sometimes deteriorates upon
                  | taking damage. [potion of mutation]
   678 | D:1      | 678 ||| DROPPING scroll of poison.
   699 | D:2      | 699 ||| STAIRDANCE
   709 | D:1      | Reached skill level 4 in Ranged Weapons
  1030 | D:2      | Reached skill level 1 in Armour
  1295 | D:2      | 1295 ||| UPGRADING to amulet of reflection.
  1300 | D:2      | 1300 ||| READING scroll labelled SECHOJ FYZI.
  1301 | D:2      | 1301 ||| READING scroll labelled WUREAKL BIZOQA.
  1314 | D:3      | 1314 ||| STAIRDANCE
  1318 | D:2      | Reached XP level 4. HP: 26/36 MP: 4/4
  1384 | D:3      | 1384 ||| STAIRDANCE
  1388 | D:2      | HP: 6/36 [orc priest/nerve-wracking pain (4)]
  1392 | D:2      | Killed from afar by an orc priest

Levels and vault maps discovered:
D:1:      minmay_arrival_solitary_statue, layout_basic, serial_shops, shop,
          ebering_ecumenical_altar_hall, minmay_octomino_e4
D:2:      layout_basic
D:3:      layout_basic, nicolae_ru_path_of_blood, kennysheep_generic_room_7

Skill      XL: |  1  2  3 |
---------------+----------+-----
Ranged Weapons | 3 4 |  4.4
Fighting       | 2 |  2.0
Armour         | 1 |  1.3
Dodging        | |  2.1
Spellcasting   | |  1.0
Hexes          | |  2.0

Action                     |  1- 3 |  4- 6 || total
---------------------------+-------+-------++-------
   Fire: Sling             |   129 |    22 ||   151
    Use: Scroll            |     3 |       ||     3
         Potion            |     1 |       ||     1
 Armour: Robe              |     9 |       ||     9
         Ring mail         |    23 |     1 ||    24
  Dodge: Dodged            |    70 |     6 ||    76
  Block: Other             |     2 |     7 ||     9

Table legend:
 A = Non-vault XP
 B = Vault XP
 C = Vault XP percentage of total XP
 D = Non-vault monster count
 E = Vault monster count
 F = Vault count percentage of total count
                 A         B        C        D         E       F
            +---------+---------+-------+---------+---------+-------
      Total |     105 |       7 |   6.2 |      45 |       4 |   8.2
            +---------+---------+-------+---------+---------+-------
        D:1 |      57 |       7 |  10.9 |      31 |       4 |  11.4
        D:2 |      48 |       0 |   0.0 |      14 |       0 |   0.0
            +---------+---------+-------+---------+---------+-------
